 Dungeon Crawl Stone Soup version 0.30-a0-394-g3e4acdb0ae (webtiles) character file.

Game seed: 8190883467604056085

189624 Zonian the Tortoise (level 18, 0/159 HPs)
             Began as a Gnoll Brigand on Dec 4, 2022.
             Was a High Priest of Ashenzari.
             Killed from afar by a fenstrider witch (10 damage)
             ... with a toxic sludge
             ... while paralysed by a fenstrider witch
             ... on level 2 of the Swamp on Dec 7, 2022.
             The game lasted 03:20:05 (59827 turns).

Zonian the Tortoise (Gnoll Brigand)                Turns: 59827, Time: 03:20:05

Health: 0/159      AC: 20    Str:  7    XL:     18   Next: 14%
Magic:  19/40      EV:  2    Int: 16    God:    Ashenzari [*****.]
Gold:   699        SH:  0    Dex: 18    Spells: 2/53 levels left

rFire   . . .      SeeInvis +    D - +6 scimitar (flame)
rCold   . . .      Faith    .    R - +1 buckler "Elysian Idealism" {Melee, Cun} (curse)
rNeg    . . .      Spirit   .    z - +1 troll leather armour of Ashenzari's Adversity {Regen+ Str-5 Dex+3 Slay+4, Elem, Self} (curse)
rPois   +          Reflect  .    i - +2 helmet "Lashed Dismay" {Cun, Melee} (curse)
rElec   .          Harm     .    c - +0 cloak "All-seeing Negation" {Bglg, Self} (curse)
rCorr   .          Rampage  .    j - +2 pair of gloves "Share My Gnosis" {Melee, Alch} (curse)
Will    ++...      Clarity  +    L - +1 pair of boots "Esoteric Anarchy" {Bglg, Comp} (curse)
Stlth   ++++......               O - amulet "Tethered With Me" {RegenMP, Melee, Comp} (curse)
HPRegen 1.26/turn                f - ring "Ordeal of Ashenzari" {Will+, Self, Cun} (curse)
MPRegen 0.67/turn                G - ring of the Chained Annoyance {rPois, Fort, Self} (curse)

@: paralysed, lethally poisoned (0 -> -11), studying 2 skills, very slow
A: fangs 1, strong nose, distributed training
}: 1/15 runes: serpentine
a: Renounce Religion, Curse Item, Shatter the Chains


You were on level 2 of the Swamp.
You worshipped Ashenzari.
Ashenzari was extremely pleased with you.
You visited 6 branches of the dungeon, and saw 30 of its levels.

You collected 4385 gold pieces.
You spent 3686 gold pieces at shops.

Inventory:

Hand Weapons
 a - the +7 scimitar of Wohuacs {speed, rElec rC+ Will++ Dex-3}
   (You found it on level 1 of the Snake Pit)

   Attacks with this weapon are significantly faster.
   Dex:       It affects your dexterity (-3).
   rC:        It protects you from cold.
   rElec:     It insulates you from electricity.
   Will:      It greatly increases your willpower.
 n - a +4 short sword of electrocution
 q - the +7 spear "Plog" {drain, Str+3 Int+6 Dex-3 SInv}
   (You found it on level 5 of the Lair of Beasts)

   A truly terrible weapon, it drains the life of any living foe it strikes.
   Str:       It affects your strength (+3).
   Int:       It affects your intelligence (+6).
   Dex:       It affects your dexterity (-3).
   SInv:      It lets you see invisible.
 D - a +6 scimitar of flaming (weapon)
 F - a +1 sling of freezing
 J - the +0 long sword "Temek" {freeze, Int+4}
   (You found it on level 8 of the Dungeon)

   It freezes those it strikes, dealing additional cold damage.
   It can also slow down cold-blooded creatures.
   Int:       It affects your intelligence (+4).
 X - a +2 short sword of venom
Missiles
 d - 52 poisoned darts (quivered)
 e - 6 curare-tipped darts
 l - 3 atropa-tipped darts
 u - 2 datura-tipped darts
 v - 6 javelins
 w - 4 throwing nets
 B - 13 boomerangs
 H - a boomerang of dispersal
Armour
 c - the cursed +0 cloak "All-seeing Negation" (worn) {Bglg, Self}

   It has a curse which improves the following skills: Beguiling: Conjurations,
   Hexes and Translocations.
   Introspection: Fighting and Spellcasting.
 i - the cursed +2 helmet "Lashed Dismay" (worn) {Cun, Melee}
   (You found it on level 9 of the Dungeon)

   It has a curse which improves the following skills: Cunning: Dodging and
   Stealth.
   Melee Combat: Short Blades, Long Blades, Axes, Maces & Flails, Polearms,
   Staves and Unarmed Combat.
 j - the cursed +2 pair of gloves "Share My Gnosis" (worn) {Melee, Alch}
   (You found it on level 1 of the Snake Pit)

   It has a curse which improves the following skills: Melee Combat: Short
   Blades, Long Blades, Axes, Maces & Flails, Polearms, Staves and Unarmed
   Combat.
   Alchemy:   Poison Magic and Transmutations.
 z - the cursed +1 troll leather armour of Ashenzari's Adversity (worn) {Regen+ Str-5 Dex+3 Slay+4, Elem, Self}
   (You bought it in a shop on level 2 of the Orcish Mines)

   Str:       It affects your strength (-5).
   Dex:       It affects your dexterity (+3).
   Slay:      It affects your accuracy & damage with ranged weapons and melee
   (+4).
   Regen:     It increases your rate of health regeneration.
   It has a curse which improves the following skills: Elements: Fire Magic, Ice
   Magic, Air Magic and Earth Magic.
   Introspection: Fighting and Spellcasting.
 L - the cursed +1 pair of boots "Esoteric Anarchy" (worn) {Bglg, Comp}
   (You found it on level 10 of the Dungeon)

   It has a curse which improves the following skills: Beguiling: Conjurations,
   Hexes and Translocations.
   Companions: Summonings and Necromancy.
 R - the cursed +1 buckler "Elysian Idealism" (worn) {Melee, Cun}
   (You took it off a gnoll sergeant on level 11 of the Dungeon)

   It has a curse which improves the following skills: Melee Combat: Short
   Blades, Long Blades, Axes, Maces & Flails, Polearms, Staves and Unarmed
   Combat.
   Cunning:   Dodging and Stealth.
Jewellery
 f - the cursed ring "Ordeal of Ashenzari" (left hand) {Will+, Self, Cun}
   (You found it on level 1 of the Dungeon)

   [ring of willpower]

   Will:      It increases your willpower.
   It has a curse which improves the following skills: Introspection: Fighting
   and Spellcasting.
   Cunning:   Dodging and Stealth.
 p - a +6 ring of dexterity
 G - the cursed ring of the Chained Annoyance (right hand) {rPois, Fort, Self}
   (You found it on level 3 of the Lair of Beasts)

   [ring of poison resistance]

   rPois:     It protects you from poison.
   It has a curse which improves the following skills: Fortitude: Armour and
   Shields.
   Introspection: Fighting and Spellcasting.
 O - the cursed amulet "Tethered With Me" (around neck) {RegenMP, Melee, Comp}
   (You found it on level 10 of the Dungeon)

   [amulet of magic regeneration]

   It increases your rate of magic regeneration.
   It has a curse which improves the following skills: Melee Combat: Short
   Blades, Long Blades, Axes, Maces & Flails, Polearms, Staves and Unarmed
   Combat.
   Companions: Summonings and Necromancy.
Wands
 g - a wand of flame (21)
 t - a wand of digging (3)
 K - a wand of charming (20)
 N - a wand of polymorph (10)
 S - a wand of acid (5)
Scrolls
 k - 4 scrolls of fog
 r - a scroll of amnesia
 s - 2 scrolls of blinking
 A - 3 scrolls of poison
 U - 5 scrolls of teleportation
 V - 3 scrolls of silence
 W - 2 scrolls of enchant armour
 Z - a scroll of summoning
Potions
 b - 2 potions of resistance
 h - 2 potions of heal wounds
 m - a potion of cancellation
 o - 3 potions of magic
 x - 7 potions of brilliance
 C - a potion of ambrosia
 I - 7 potions of flight
 P - 4 potions of haste
 Q - 4 potions of berserk rage
 T - 5 potions of curing
Miscellaneous
 y - a phial of floods
 M - a lightning rod (4/4)
 Y - a phantom mirror


   Skills:
 + Level 13.3(18.8) Fighting
 + Level 13.3(18.8) Short Blades
 + Level 12.6(18.1) Long Blades
 + Level 12.6(18.1) Axes
 + Level 12.6(18.1) Maces & Flails
 + Level 12.6(18.1) Polearms
 + Level 12.6(18.1) Staves
 + Level 12.6 Ranged Weapons
 + Level 13.3 Throwing
 + Level 16.2(18.4) Armour
 + Level 13.6(18.1) Dodging
 + Level 14.6(19.0) Stealth
 + Level 12.6(14.8) Shields
 + Level 12.6(18.1) Unarmed Combat
 + Level 12.6(18.1) Spellcasting
 + Level 10.6(14.1) Conjurations
 + Level 10.6(14.1) Hexes
 + Level 10.6(14.1) Summonings
 + Level 10.6(14.1) Necromancy
 + Level 10.6(14.1) Translocations
 + Level 10.6(12.9) Transmutations
 + Level 10.6(12.9) Fire Magic
 + Level 10.6(12.9) Ice Magic
 + Level 10.6(12.9) Air Magic
 + Level 10.6(12.9) Earth Magic
 + Level 10.6(12.9) Poison Magic
 + Level 13.6 Invocations
 + Level 12.6 Evocations


You had 2 spell levels left.
You knew the following spells:

 Your Spells              Type           Power      Damage    Failure   Level
a - Summon Small Mammal   Summ           100%       N/A       1%          1
b - Lee's Rapid Deconstr  Erth           27%        3d14*     1%          5
c - Confusing Touch       Hex            56%        N/A       1%          3
d - Ensorcelled Hibernat  Hex/Ice        100%       N/A       1%          2
e - Swiftness             Air            54%        N/A       1%          3
f - Slow                  Hex            100%       N/A       1%          1
g - Kindle Blastsparks    Fire/Tloc/Air  100%       2d18      1%          3
h - Ignite Poison         Fire/Tmut/Pois 54%        N/A       1%          3
i - Vampiric Draining     Necr           56%        2d10      1%          3
j - Olgreb's Toxic Radia  Pois           54%        N/A       1%          4
k - Stone Arrow           Conj/Erth      100%       3d13      1%          3
l - Iskenderun's Mystic   Conj/Tloc      56%        2d12      1%          4
m - Sticky Flame          Conj/Fire      55%        2d7       1%          4
n - Blink                 Tloc           100%       N/A       1%          2
o - Airstrike             Air            27%        2d(4-20)  1%          4
p - Iron Shot             Conj/Erth      27%        9d6       3%          6

Your spell library contained the following spells:

 Spells                   Type           Power      Damage    Failure   Level
 Necrotise                Necr           100%       1d9       1%          1
 Sandblast                Erth           100%       2d20      1%          1
 Shock                    Conj/Air       100%       1d9       1%          1
 Passwall                 Tmut/Erth      45%        N/A       1%          2
 Call Canine Familiar     Summ           56%        N/A       1%          3
 Gell's Gravitas          Tloc           56%        N/A       1%          3
 Lesser Beckoning         Tloc           100%       N/A       1%          3
 Spider Form              Tmut/Pois      54%        N/A       1%          3
 Summon Guardian Golem    Hex/Summ       56%        N/A       1%          3
 Teleport Other           Tloc           56%        N/A       1%          3
 Anguish                  Hex/Necr       28%        N/A       1%          4
 Animate Dead             Necr           56%        N/A       1%          4
 Cause Fear               Hex            28%        N/A       1%          4
 Fulminant Prism          Conj/Hex       28%        3d13      1%          4
 Manifold Assault         Tloc           56%        N/A       1%          4
 Petrify                  Tmut/Erth      54%        N/A       1%          4
 Summon Ice Beast         Ice/Summ       55%        N/A       1%          4
 Agony                    Necr           56%        N/A       1%          5
 Freezing Cloud           Conj/Ice/Air   27%        6-21      1%          5
 Iskenderun's Battlesphe  Conj           56%        2d11      1%          5
 Metabolic Englaciation   Hex/Ice        27%        N/A       1%          5
 Summon Forest            Summ/Tloc      28%        N/A       1%          5
 Summon Mana Viper        Hex/Summ       56%        N/A       1%          5
 Summon Cactus Giant      Summ           28%        N/A       2%          6
 Statue Form              Tmut/Erth      36%        N/A       4%          6
 Haunt                    Necr/Summ      28%        N/A       16%         7
 Monstrous Menagerie      Summ           28%        N/A       16%         7
 Spellforged Servitor     Conj/Summ      28%        N/A       16%         7
 Ozocubu's Refrigeration  Ice            27%        4d13      24%         7
 Storm Form               Tmut/Air       27%        N/A       24%         7
 Infestation              Necr           28%        N/A       75%         8
 Ignition                 Fire           27%        3d9       88%         8


Dungeon Overview and Level Annotations

Branches:
Dungeon (15/15)            Temple (1/1) D:7            Lair (5/5) D:11
  Swamp (3/4) Lair:3        Snake (4/4) Lair:3        Slime (0/5) Lair:4
    Orc (2/2) D:9             Elf (0/3) Orc:2        Vaults (0/5) D:14
 Depths (0/4) D:15

Altars:
Ashenzari
Cheibriados
Dithmenos
Elyvilon
Fedhas
Gozag
Hepliaklqana
Kikubaaqudgha
Makhleb
Nemelex Xobeh
Okawaru
Qazlal
Ru
Sif Muna
Trog
Uskayaw
Vehumet
Wu Jian
Xom
Yredelemnul
Zin
The Shining One

Shops:
D:5 *   D:6 ?   D:7 :   Orc:2 [(*:   Snake:1 (=[   Snake:3 :

Annotations:
D:3 2 transporters
D:8 Gastronok
D:9 2 transporters, themarg's ghost, novice DrCj
Lair:3 exclusions: catoblepas and hydra
Lair:5 exclusion: ice statue
Snake:1 1 runed translucent door, Frances; qeuew's ghost, journeyman HOFi
Snake:3 Roxanne


Innate Abilities, Weirdness & Mutations

You have very sharp teeth.
Your uncanny sense of smell can sniff out nearby items.
Your experience applies equally to all skills.


Message History

The fenstrider witch is severely wounded.
You feel sick.
The fenstrider witch closely misses you.
The fenstrider witch kicks you.
* * * LOW HITPOINT WARNING * * *
You closely miss the fenstrider witch. Your bite misses the fenstrider witch.
The fenstrider witch is severely wounded.
The fenstrider witch hits you.
* * * LOW HITPOINT WARNING * * *
The fenstrider witch kicks you but does no damage.
Unknown command.
Casting: Stone Arrow (safe; 1% risk of failure)
Confirm with . or Enter, or press ? or * to list all spells.
Aiming: Vampiric Draining (safe; 1% risk of failure)
Press: ? - help, Shift-Dir - straight line, f - fenstrider witch
Aim: a fenstrider witch, wearing a +0 robe (severely wounded)
You draw life force from the fenstrider witch.
You feel life coursing into your body.
You feel sick.
The fenstrider witch casts a spell at you.
You suddenly lose the ability to move!
You feel sick.
You are no longer poisoned.
The fenstrider witch gestures at you while chanting.
The toxic sludge hits you!
You are poisoned.
You partially resist.
* * * LOW HITPOINT WARNING * * *
Splash!
You fall into the toxic bog.
Moving in this stuff is going to be slow.
You fester in the toxic bog!
You partially resist.
You are more poisoned.
You feel very sick. The fenstrider witch hits you!
* * * LOW HITPOINT WARNING * * *
The fenstrider witch kicks you but does no damage.
The fenstrider witch gestures at you while chanting.
The toxic sludge hits you!
You are lethally poisoned!
You partially resist.
You die...

.~~...~~~~~~~~~~~~~~.♣♣♣~♣♣
~~~~.~~§~~~.~.~~~~~~~~~.~♣
~~§~.~~~~~~....~..(.~~~.♣♣
§~~~.~~~~~~.~...~♣♣♣.~~.♣
~~~~..~~~~~.^..~♣♣ ♣♣..~♣
.~~.~~~~...~~~~.♣♣ ♣♣♣♣♣
~♣~.~~~~..~~~~~.~♣♣♣♣
♣♣♣.~~~~~~..~~~~~..~♣
♣..§.......~§~@..§♣
♣♣~♣........~H.♣♣♣♣
♣♣♣§....♣♣♣♣.~♣
♣..)~...♣~.♣♣ ♣~♣♣♣.~♣♣.~♣
♣♣♣ ♣♣♣♣♣♣♣♣


You could see a fenstrider witch.

Vanquished Creatures
  A thorn hunter (Swamp:1)
  5 nagarajas
  Aizul (Snake:2)
  2 orc warlords (Orc:2)
  A stone giant (shapeshifter) (D:15)
  2 bunyips
  2 eleionomae
  A great orb of eyes (D:15)
  A shambling mangrove (Swamp:2)
  Fannar (D:10)
  An ice dragon (Lair:5)
  3 salamander tyrants
  2 rakshasas (D:15)
  4 vault guards (D:14)
  16 hydras
  An ogre mage (D:13)
  A ghost crab (Swamp:2)
  Erica (D:8)
  A death knight (D:13)
  5 two-headed ogres
  2 catoblepae
  8 centaur warriors
  5 boulder beetles
  12 anacondas
  15 naga warriors
  16 death yaks
  A deep troll shaman (Lair:5)
  4 alligators
  Sonja (D:11)
  6 naga sharpshooters
  6 shock serpents
  2 orc high priests (Orc:2)
  9 spriggans
  A salamander mystic (Snake:4)
  4 goliath frogs
  A spriggan druid (Swamp:3)
  8 naga ritualists
  3 orc knights (Orc:2)
  2 bog bodies (Swamp:1)
  Pikel (D:7)
  3 swamp dragons
  2 deep elf pyromancers
  2 orc sorcerers (Orc:2)
  7 mana vipers
  8 ugly things
  4 cyclopes
  2 will-o-the-wisps
  2 manticores (D:14)
  33 black mambas
  13 salamanders
  2 guardian serpents
  9 cane toads
  17 elephants
  15 naga magi
  3 gargoyles
  An orange demon (Lair:1)
  4 kobold demonologists
  3 unseen horrors
  4 komodo dragons
  4 rime drakes
  A yaktaur (D:13)
  3 polar bears (Lair:5)
  A bloated husk (Swamp:1)
  Prince Ribbit (D:5)
  15 hornets
  4 trolls
  8 blink frogs
  16 slime creatures
  A tyrant leech (shapeshifter) (D:13)
  2 tyrant leeches
  2 shadows
  A wyvern (Lair:2)
  7 wraiths
  38 yaks
  2 hogs (shapeshifter)
  7 humans (D:14)
  6 basilisks
  21 vampire mosquitoes
  9 swamp worms
  A warg (Orc:2)
  30 nagas
  2 hell hounds (Orc:1)
  2 acid dragons (D:13)
  8 water moccasins
  30 orc warriors
  A swamp drake (Swamp:1)
  4 black bears
  11 ice beasts
  16 centaurs
  7 ogres
  15 wolves
  2 phantoms (D:7)
  5 kobold brigands
  10 bullfrogs
  2 gnoll sergeants
  A necrophage (D:6)
  2 scorpions
  11 wights
  6 killer bees
  3 howler monkeys (D:10)
  A crimson imp (D:3)
  2 jellies
  A hound (D:6)
  An iron imp (D:8)
  28 orc priests
  A gnoll bouda (D:5)
  Jessica (D:2)
  An iguana (D:6)
  29 orc wizards
  5 hell rats
  21 gnolls
  11 adders
  A shadow imp (D:7)
  3 white imps
  3 worms (D:3)
  A dart slug (D:2)
  70 orcs
  8 endoplasms
  4 giant cockroaches
  4 goblins
  10 hobgoblins
  3 quokkas
  9 ball pythons
  6 bats
  5 frilled lizards
  25 kobolds
  6 rats
871 creatures vanquished.

Vanquished Creatures (collateral kills)
  Kirke (D:13)
  A gnoll (D:5)
  An orc (D:6)
3 creatures vanquished.

Vanquished Creatures (others)
  A guardian serpent (Snake:3)
  An elephant (Lair:4)
  A bloated husk (Swamp:1)
  A slime creature (D:15)
  A shadow (D:13)
  A yak (Lair:5)
  3 humans
  A wight (D:6)
  A killer bee (D:8)
  A jelly (D:5)
  2 adders
  A kobold (D:8)
  5 bushes
  6 foxfires (Swamp:1)
  76 fungi
  108 plants
210 creatures vanquished.

Grand Total: 1084 creatures vanquished

Notes
Turn   | Place    | Note
-------+----------+-------------------------------------------
     0 | D:1      | Zonian the Gnoll Brigand began the quest for the Orb.
     0 | D:1      | Reached XP level 1. HP: 20/20 MP: 1/1
   248 | D:1      | Found a faded altar of an unknown god.
   258 | D:1      | Reached XP level 2. HP: 26/26 MP: 2/2
  1101 | D:2      | Noticed Jessica
  1107 | D:2      | Killed Jessica
  1108 | D:2      | Reached skill level 1 in Long Blades
  1108 | D:2      | Reached skill level 1 in Axes
  1108 | D:2      | Reached skill level 1 in Maces & Flails
  1108 | D:2      | Reached skill level 1 in Polearms
  1108 | D:2      | Reached skill level 1 in Staves
  1108 | D:2      | Reached skill level 1 in Ranged Weapons
  1108 | D:2      | Reached skill level 1 in Armour
  1108 | D:2      | Reached skill level 1 in Shields
  1108 | D:2      | Reached skill level 1 in Unarmed Combat
  1108 | D:2      | Reached skill level 1 in Spellcasting
  1108 | D:2      | Reached skill level 1 in Invocations
  1108 | D:2      | Reached skill level 1 in Evocations
  1108 | D:2      | Reached XP level 3. HP: 31/31 MP: 2/4
  1208 | D:2      | Reached XP level 4. HP: 34/38 MP: 5/5
  1418 | D:2      | Reached skill level 1 in Conjurations
  1418 | D:2      | Reached skill level 1 in Hexes
  1418 | D:2      | Reached skill level 1 in Summonings
  1418 | D:2      | Reached skill level 1 in Necromancy
  1418 | D:2      | Reached skill level 1 in Translocations
  1418 | D:2      | Reached skill level 1 in Transmutations
  1418 | D:2      | Reached skill level 1 in Fire Magic
  1418 | D:2      | Reached skill level 1 in Ice Magic
  1418 | D:2      | Reached skill level 1 in Air Magic
  1418 | D:2      | Reached skill level 1 in Earth Magic
  1418 | D:2      | Reached skill level 1 in Poison Magic
  1843 | D:2      | Reached XP level 5. HP: 43/43 MP: 7/7
  2172 | D:3      | Found a transporter.
  2177 | D:3      | Found a transporter.
  2233 | D:3      | Noticed a phantom
  2838 | D:3      | Found a sacrificial altar of Ru.
  2908 | D:3      | Found a burning altar of Makhleb.
  2908 | D:3      | Found a shimmering altar of Xom.
  3098 | D:3      | Reached XP level 6. HP: 27/50 MP: 8/8
  3423 | D:4      | Learned a level 1 spell: Summon Small Mammal
  3628 | D:4      | Found an opulent altar of Gozag.
  3649 | D:4      | Reached skill level 5 in Fighting
  3649 | D:4      | Reached skill level 5 in Short Blades
  3649 | D:4      | Reached skill level 5 in Throwing
  3649 | D:4      | Reached skill level 2 in Armour
  3655 | D:4      | Found a sparkling altar of Nemelex Xobeh.
  4179 | D:5      | Entered Level 5 of the Dungeon
  4193 | D:5      | Noticed a black bear
  4408 | D:5      | Noticed Prince Ribbit
  4495 | D:5      | Found Teeferae's Gadget Gallery.
  4503 | D:5      | Bought a wand of iceblast (2) for 52 gold pieces
  4661 | D:5      | Killed Prince Ribbit
  4662 | D:5      | Reached XP level 7. HP: 42/56 MP: 10/10
  5519 | D:6      | Reached skill level 3 in Armour
  5519 | D:6      | Reached XP level 8. HP: 37/63 MP: 12/12
  6612 | D:6      | Found Rootzida's Magic Scroll Shoppe.
  6619 | D:6      | Bought a scroll of teleportation for 39 gold pieces
  6619 | D:6      | Bought 3 scrolls of fog for 156 gold pieces
  6619 | D:6      | Bought a scroll of poison for 52 gold pieces
  6725 | D:7      | Noticed a cyclops
  7139 | D:7      | Learned a level 3 spell: Call Canine Familiar
  7141 | D:7      | Found a staircase to the Ecumenical Temple.
  7154 | Temple   | Entered the Ecumenical Temple
  7568 | Temple   | Became a worshipper of Ashenzari the Shackled
  7860 | D:7      | Reached XP level 9. HP: 66/69 MP: 14/14
  7940 | D:7      | Noticed Pikel
  7941 | D:7      | Reached skill level 4 in Armour
  7942 | D:7      | Killed Pikel
  7943 | D:7      | Reached skill level 5 in Dodging
  7952 | D:7      | Killed a cyclops
  7953 | D:7      | Reached skill level 5 in Invocations
  8301 | D:7      | Found Iwesaroz's Book Shoppe.
  8380 | D:8      | Noticed Erica
  8397 | D:8      | Killed Erica
  8398 | D:8      | Reached skill level 5 in Long Blades
  8398 | D:8      | Reached skill level 5 in Axes
  8398 | D:8      | Reached skill level 5 in Maces & Flails
  8398 | D:8      | Reached skill level 5 in Polearms
  8398 | D:8      | Reached skill level 5 in Staves
  8398 | D:8      | Reached skill level 5 in Ranged Weapons
  8398 | D:8      | Reached skill level 5 in Armour
  8398 | D:8      | Reached skill level 5 in Shields
  8398 | D:8      | Reached skill level 5 in Unarmed Combat
  8398 | D:8      | Reached skill level 5 in Spellcasting
  8398 | D:8      | Reached skill level 5 in Evocations
  8531 | D:8      | Reached XP level 10. HP: 75/77 MP: 17/17
  8909 | D:8      | Noticed a two-headed ogre
  8932 | D:8      | Killed a two-headed ogre
  9518 | D:8      | Identified the +0 long sword "Temek" {freeze, Int+4}
 10562 | D:8      | Noticed Gastronok
 10571 | D:8      | Found a snail-covered altar of Cheibriados.
 10946 | D:9      | Found a staircase to the Orcish Mines.
 10994 | D:9      | Found a transporter.
 10996 | D:9      | Noticed themarg's ghost (novice DrCj)
 10998 | D:9      | Identified the +7 great mace of Reason {drain, rElec}
 10998 | D:9      | Noticed a two-headed ogre
 10999 | D:9      | Noticed a two-headed ogre
 11000 | D:9      | Noticed a two-headed ogre
 11001 | D:9      | Noticed a two-headed ogre
 11002 | D:9      | Found a transporter.
 11076 | D:9      | Learned a level 3 spell: Confusing Touch
 11398 | D:9      | Reached * piety under Ashenzari
 11953 | D:9      | Paralysed by a hornet for 3 turns
 12795 | D:10     | Entered Level 10 of the Dungeon
 12798 | D:10     | Found a hide-covered altar of Uskayaw.
 13039 | D:10     | Learned a level 2 spell: Ensorcelled Hibernation
 13084 | D:10     | Reached skill level 6 in Armour
 13101 | D:10     | Reached skill level 5 in Conjurations
 13101 | D:10     | Reached skill level 5 in Hexes
 13101 | D:10     | Reached skill level 5 in Summonings
 13101 | D:10     | Reached skill level 5 in Necromancy
 13101 | D:10     | Reached skill level 5 in Translocations
 13101 | D:10     | Reached skill level 5 in Transmutations
 13101 | D:10     | Reached skill level 5 in Fire Magic
 13101 | D:10     | Reached skill level 5 in Ice Magic
 13101 | D:10     | Reached skill level 5 in Air Magic
 13101 | D:10     | Reached skill level 5 in Earth Magic
 13101 | D:10     | Reached skill level 5 in Poison Magic
 13105 | D:10     | Reached XP level 11. HP: 13/89 MP: 19/22
 13107 | D:10     | Reached skill level 10 in Stealth
 13318 | D:10     | Noticed Fannar
 13575 | D:10     | Reached ** piety under Ashenzari
 13889 | D:10     | Killed Fannar
 14049 | D:10     | Learned a level 3 spell: Swiftness
 14154 | D:10     | Noticed a sun demon
 14690 | D:10     | Noticed a manticore
 15660 | D:11     | Learned a level 1 spell: Slow
 15985 | D:11     | Noticed a boulder beetle
 16092 | D:11     | Noticed a two-headed ogre
 16114 | D:11     | Killed a two-headed ogre
 16299 | D:11     | Noticed a cyclops
 16309 | D:11     | Killed a cyclops
 16523 | D:11     | Noticed a two-headed ogre
 16532 | D:11     | Killed a two-headed ogre
 16533 | D:11     | Reached skill level 7 in Armour
 17074 | D:11     | Found a staircase to the Lair.
 17076 | D:11     | Noticed Sonja
 17082 | D:11     | Killed Sonja
 17210 | D:11     | Reached XP level 12. HP: 81/98 MP: 23/25
 17444 | D:11     | Killed a boulder beetle
 17466 | D:11     | Learned a level 3 spell: Kindle Blastsparks
 17573 | Lair:1   | Entered Level 1 of the Lair of Beasts
 17650 | Lair:1   | Noticed Amaemon
 17657 | Lair:1   | Amaemon changed into Amaemon the unseen horror
 17657 | Lair:1   | Noticed Amaemon
 17676 | Lair:1   | Killed Amaemon the unseen horror
 18000 | Lair:1   | Found a sacrificial altar of Ru.
 18074 | Lair:1   | Reached skill level 8 in Armour
 18404 | Lair:1   | Learned a level 3 spell: Ignite Poison
 18408 | Lair:1   | Learned a level 3 spell: Vampiric Draining
 18697 | Lair:1   | Upgraded the game from 0.30-a0-389-g8d7d949f56 to
                  | 0.30-a0-390-g80c34de65d
 18764 | Lair:2   | Learned a level 4 spell: Olgreb's Toxic Radiance
 19124 | Lair:2   | Noticed a five-headed hydra
 19566 | Lair:2   | Found a stormy altar of Qazlal.
 19802 | Lair:2   | Killed a five-headed hydra
 20433 | Lair:2   | Reached skill level 9 in Armour
 21052 | D:5      | Bought a wand of acid (5) for 231 gold pieces
 21118 | D:6      | Bought a scroll of enchant armour for 97 gold pieces
 22475 | Lair:3   | Found a staircase to the Snake Pit.
 23292 | Lair:3   | Learned a level 3 spell: Stone Arrow
 23383 | Lair:3   | Noticed a catoblepas
 23414 | Lair:3   | Reached XP level 13. HP: 57/106 MP: 27/27
 24984 | Lair:3   | Reached *** piety under Ashenzari
 25012 | Lair:3   | Reached skill level 10 in Armour
 26658 | Lair:4   | Found a staircase to the Slime Pits.
 26683 | Lair:4   | Reached **** piety under Ashenzari
 27373 | Lair:4   | Reached skill level 10 in Fighting
 27373 | Lair:4   | Reached skill level 10 in Short Blades
 27373 | Lair:4   | Reached skill level 10 in Throwing
 27927 | Lair:5   | Entered Level 5 of the Lair of Beasts
 29047 | Lair:5   | Reached skill level 11 in Armour
 29087 | Lair:5   | Reached XP level 14. HP: 114/120 MP: 19/31
 29093 | Lair:5   | Reached skill level 10 in Invocations
 30824 | Lair:5   | Reached skill level 10 in Dodging
 31628 | Lair:5   | Reached skill level 12 in Armour
 31628 | Lair:5   | Identified the +7 spear "Plog" {drain, Str+3 Int+6 Dex-3
                  | SInv}
 32750 | D:12     | Identified a scroll of acquirement
 32757 | D:12     | Acquired Hermeneutics, Part Four
 32764 | D:12     | Learned a level 4 spell: Iskenderun's Mystic Blast
 32769 | D:12     | Learned a level 4 spell: Sticky Flame
 34770 | D:13     | Reached skill level 10 in Long Blades
 34770 | D:13     | Reached skill level 10 in Axes
 34770 | D:13     | Reached skill level 10 in Maces & Flails
 34770 | D:13     | Reached skill level 10 in Polearms
 34770 | D:13     | Reached skill level 10 in Staves
 34770 | D:13     | Reached skill level 10 in Ranged Weapons
 34770 | D:13     | Reached skill level 10 in Shields
 34770 | D:13     | Reached skill level 10 in Unarmed Combat
 34770 | D:13     | Reached skill level 10 in Spellcasting
 34770 | D:13     | Reached skill level 10 in Evocations
 35042 | D:13     | Noticed Kirke
 35060 | D:13     | Identified the cursed +0 cloak "All-seeing Negation" {Bglg,
                  | Self}
 35060 | D:13     | Identified the cursed +2 helmet "Lashed Dismay" {Cun,
                  | Melee} (You found it on level 9 of the Dungeon)
 35060 | D:13     | Identified the cursed +1 pair of boots "Esoteric Anarchy"
                  | {Bglg, Comp} (You found it on level 10 of the Dungeon)
 35060 | D:13     | Identified the cursed +1 buckler "Elysian Idealism" {Melee,
                  | Cun} (You took it off a gnoll sergeant on level 11 of the
                  | Dungeon)
 35060 | D:13     | Identified the cursed +0 leather armour "Share My Seer"
                  | {Elem, Alch} (You found it on level 5 of the Dungeon)
 35060 | D:13     | Identified the cursed ring "Ordeal of Ashenzari" {Will+,
                  | Self, Cun} (You found it on level 1 of the Dungeon)
 35060 | D:13     | Identified the cursed ring of the Chained Annoyance {rPois,
                  | Fort, Self} (You found it on level 3 of the Lair of Beasts)
 35063 | D:13     | Killed Kirke
 35064 | D:13     | Reached XP level 15. HP: 81/127 MP: 32/32
 37092 | D:14     | Reached ***** piety under Ashenzari
 37353 | D:14     | Reached skill level 13 in Armour
 37587 | D:14     | Found a gate to the Vaults.
 37589 | D:14     | Identified the +2 great mace of Gloom {pain, *Slow rElec
                  | Int+4 Dex+6}
 38260 | D:15     | Entered Level 15 of the Dungeon
 40004 | D:15     | Noticed a sphinx
 40007 | D:15     | a sphinx changed into an eleionoma
 40017 | D:15     | Noticed a fenstrider witch
 40018 | D:15     | a fenstrider witch changed into a stone giant
 40197 | D:15     | Found a staircase to the Depths.
 40718 | Orc:1    | Entered Level 1 of the Orcish Mines
 40906 | Orc:1    | Found a dark tunnel.
 41143 | Orc:2    | Entered Level 2 of the Orcish Mines
 41495 | Orc:2    | Noticed an orc warlord
 41507 | Orc:2    | Found a staircase to the Elven Halls.
 41814 | Orc:2    | Killed an orc warlord
 41815 | Orc:2    | Reached XP level 16. HP: 62/138 MP: 11/35
 42275 | Orc:2    | Found Cefuotso's Antique Armour Emporium.
 42291 | Orc:2    | Found Kenifes's Antique Weapon Emporium.
 42746 | Orc:2    | Found Nuec's Book Emporium.
 42752 | Orc:2    | Bought an Inescapable Atlas for 384 gold pieces
 42752 | Orc:2    | Bought a book of Air for 264 gold pieces
 42755 | Orc:2    | Learned a level 2 spell: Blink
 42760 | Orc:2    | Learned a level 4 spell: Airstrike
 42782 | Orc:2    | Found Ompuares's General Store.
 42789 | Orc:2    | Bought a scroll of teleportation for 42 gold pieces
 43324 | Orc:2    | Bought a heavily runed troll leather armour for 760 gold
                  | pieces
 43324 | Orc:2    | Identified the +1 troll leather armour of Fatuesop {Regen+
                  | Str-5 Dex+3 Slay+4} (You bought it in a shop on level 2 of
                  | the Orcish Mines)
 43991 | Lair:3   | Reached skill level 14 in Armour
 43993 | Lair:3   | Found a staircase to the Swamp.
 44114 | Snake:1  | Entered Level 1 of the Snake Pit
 44682 | Snake:1  | Found Plog's Antique Armour Shop.
 44950 | Snake:1  | Found Bull's Jewellery Emporium.
 44961 | Snake:1  | Noticed Frances
 45013 | Snake:1  | Acquired 1118 gold pieces
 45015 | Snake:1  | Identified the +7 scimitar of Wohuacs {speed, rElec rC+
                  | Will++ Dex-3}
 45322 | Snake:1  | Found Faguhim's Weapon Boutique.
 45336 | Snake:1  | Bought a +0 sling of freezing for 89 gold pieces
 45621 | Snake:1  | Found a runed translucent door.
 45624 | Snake:1  | Noticed qeuew's ghost (journeyman HOFi)
 45980 | Snake:2  | Upgraded the game from 0.30-a0-390-g80c34de65d to
                  | 0.30-a0-393-g54b8e3be05
 46687 | Snake:2  | Noticed Aizul
 46701 | Snake:2  | Killed Aizul
 49993 | Snake:3  | Found Sottogh's Self-Improvement Boutique.
 50017 | Snake:3  | Reached XP level 17. HP: 123/149 MP: 32/38
 50040 | Snake:3  | Reached skill level 15 in Armour
 50293 | Snake:3  | Learned a level 6 spell: Iron Shot
 50304 | Snake:3  | Bought a manual of Dodging for 1520 gold pieces
 50625 | Snake:3  | Identified Roxanne's Parchment of Metal
 50625 | Snake:3  | Noticed Roxanne
 50646 | Snake:3  | Reached skill level 10 in Conjurations
 50646 | Snake:3  | Reached skill level 10 in Hexes
 50646 | Snake:3  | Reached skill level 10 in Summonings
 50646 | Snake:3  | Reached skill level 10 in Necromancy
 50646 | Snake:3  | Reached skill level 10 in Translocations
 50646 | Snake:3  | Reached skill level 10 in Transmutations
 50646 | Snake:3  | Reached skill level 10 in Fire Magic
 50646 | Snake:3  | Reached skill level 10 in Ice Magic
 50646 | Snake:3  | Reached skill level 10 in Air Magic
 50646 | Snake:3  | Reached skill level 10 in Earth Magic
 50646 | Snake:3  | Reached skill level 10 in Poison Magic
 50743 | Snake:4  | Entered Level 4 of the Snake Pit
 55163 | Snake:4  | Got a serpentine rune of Zot
 55641 | Swamp:1  | Entered Level 1 of the Swamp
 57272 | Swamp:2  | Reached skill level 16 in Armour
 57501 | Lair:3   | Learned a level 5 spell: Lee's Rapid Deconstruction
 57974 | Swamp:1  | Reached XP level 18. HP: 100/158 MP: 15/39
 59404 | Swamp:2  | Upgraded the game from 0.30-a0-393-g54b8e3be05 to
                  | 0.30-a0-394-g3e4acdb0ae
 59825 | Swamp:2  | Paralysed by a fenstrider witch for 5 turns
 59827 | Swamp:2  | Killed from afar by a fenstrider witch

Illustrated notes

Levels and vault maps discovered:
D:1:      wander_arrival_peaceful_grave, layout_basic,
          dreamdust_ecumenical_altar_statues, minmay_pentomino_u2
D:2:      layout_rooms, minmay_mini_jars, uniq_jessica
D:3:      gammafunk_steamed_eel, layout_loops_ring,
          nicolae_ru_the_path_less_chosen,
          grunt_temple_overflow_champion_of_chaos, wad_floor_pattern_1
D:4:      layout_loops_ring, grunt_temple_overflow_opulence,
          kennysheep_generic_room_4
D:5:      layout_basic, nicolae_shop_gadgets, uniq_prince_ribbit1
D:6:      layout_rooms, serial_shops, nicolae_shop_waterfront,
          minmay_starry_boxes
D:7:      layout_rooms, minmay_temple_entry_mist, serial_shops,
          nicolae_shop_hallway_stairs, uniq_pikel
D:8:      layout_basic, slow_altar_2, uniq_erica, uniq_gastronok
D:9:      cheibrodos_helix_gallery, layout_stronghold, orc_0_dummy,
          gammafunk_ghost_smash
D:10:     layout_big_octagon, overflow_temple_1_default, evilmike_minifort,
          uniq_fannar
D:11:     layout_roguey, lair_entry_dummy, amcnicky_mini_corridor_feature,
          uniq_sonja
D:12:     layout_stronghold, ebering_dispersal_statue_hall,
          onia_ninara_dug_in_and_dangerous
D:13:     minmay_concentric_multi, layout_gridville, uniq_kirke
D:14:     layout_stronghold, ximxim_vaults_locker_room,
          hangedman_decor_clover_reticule
D:15:     gammafunk_enter_depths_forms, layout_loops_ring, serial_park_square2,
          corexii_mini_fake_secret_closet, drop_trap
Temple:   hellmonk_temple_of_storms
Lair:1:   layout_long_grid, basic_altar, uniq_amaemon
Lair:2:   layout_layer_cave, basic_altar, grunt_megastairs_3,
          infiniplex_staircase_pool_2
Lair:3:   layout_loops_ring, palyth_hydra_swamp_entry,
          guppyfry_snake_entry_garden, grunt_megastairs_4, lemuel_fruit_fields,
          serial_bayou_shore_a
Lair:4:   layout_loops_ring, dpeg_slime_entry_enclosed
Lair:5:   grunt_lair_end_beastmaster, layout_loops_ring, ice2_lemuel
Swamp:1:  layout_basic_swamp, nicolae_swamp_ascending_descending
Swamp:2:  layout_basic_swamp, nicolae_swamp_very_dense_foliage
Swamp:3:  layout_basic_swamp, evilmike_swamp_ruin_house_6,
          nicolae_swamp_snake_nest
Snake:1:  layout_onion, serial_shops, shop, nicolae_shop_stone, shop,
          ebering_ghost_inner_flame, uniq_frances
Snake:2:  layout_grid_maze, lemuel_fruit_tree, grunt_megastairs_1, uniq_aizul
Snake:3:  layout_rooms, nicolae_shop_self_help, uniq_roxanne
Snake:4:  snake_pit, layout_grid_maze
Orc:1:    layout_caves, enter_volcano_3, minmay_orc_temple_a
Orc:2:    grunt_orc_cross, layout_caves, bh_open_orc_temple

Skill      XL: |  1  2  3  4  5  6  7  8  9 10 11 12 13 14 15 16 17 |
---------------+----------------------------------------------------+-----
Long Blades    | 1 2 3 5 6 7 8 9 10 11 12 | 12.6
Axes           | 1 2 3 5 6 7 8 9 10 11 12 | 12.6
Maces & Flails | 1 2 3 5 6 7 8 9 10 11 12 | 12.6
Polearms       | 1 2 3 5 6 7 8 9 10 11 12 | 12.6
Staves         | 1 2 3 5 6 7 8 9 10 11 12 | 12.6
Ranged Weapons | 1 2 3 5 6 7 8 9 10 11 12 | 12.6
Armour         | 1 2 3 5 6 7 9 11 12 13 14 16 | 16.2
Shields        | 1 2 3 5 6 7 8 9 10 11 12 | 12.6
Unarmed Combat | 1 2 3 5 6 7 8 9 10 11 12 | 12.6
Spellcasting   | 1 2 3 5 6 7 8 9 10 11 12 | 12.6
Invocations    | 1 2 3 4 5 6 7 8 9 10 11 12 13 | 13.6
Evocations     | 1 2 3 5 6 7 8 9 10 11 12 | 12.6
Conjurations   | 1 2 3 4 5 6 7 8 9 10 | 10.6
Hexes          | 1 2 3 4 5 6 7 8 9 10 | 10.6
Summonings     | 1 2 3 4 5 6 7 8 9 10 | 10.6
Necromancy     | 1 2 3 4 5 6 7 8 9 10 | 10.6
Translocations | 1 2 3 4 5 6 7 8 9 10 | 10.6
Transmutations | 1 2 3 4 5 6 7 8 9 10 | 10.6
Fire Magic     | 1 2 3 4 5 6 7 8 9 10 | 10.6
Ice Magic      | 1 2 3 4 5 6 7 8 9 10 | 10.6
Air Magic      | 1 2 3 4 5 6 7 8 9 10 | 10.6
Earth Magic    | 1 2 3 4 5 6 7 8 9 10 | 10.6
Poison Magic   | 1 2 3 4 5 6 7 8 9 10 | 10.6
Dodging        | 3 4 5 6 7 8 9 10 11 12 13 | 13.6
Stealth        | 8 9 10 11 12 13 14 | 14.6
Fighting       | 5 6 7 8 9 10 11 12 13 | 13.3
Short Blades   | 5 6 7 8 9 10 11 12 13 | 13.3
Throwing       | 5 6 7 8 9 10 11 12 13 | 13.3

Action                   |  1- 3 |  4- 6 |  7- 9 | 10-12 | 13-15 | 16-18 || total
-------------------------+-------+-------+-------+-------+-------+-------++-------
Melee: Dagger            |    75 |    94 |       |       |       |       ||   169
       Bite              |     3 |    27 |    23 |   113 |   201 |   111 ||   478
       Punch             |       |     4 |     3 |    15 |       |       ||    22
       Short sword       |       |   125 |   191 |   717 |    33 |       ||  1066
       Trident           |       |       |       |    90 |   113 |       ||   203
       Scimitar          |       |       |       |       |   680 |   611 ||  1291
       Spear             |       |       |       |       |   373 |    79 ||   452
 Fire: Sling             |       |       |       |       |       |   168 ||   168
Throw: Dart              |     1 |     4 |    14 |    27 |     5 |     1 ||    52
       Throwing net      |       |     1 |     1 |       |     1 |       ||     3
       Javelin           |       |       |     5 |     3 |       |       ||     8
       Boomerang         |       |       |       |       |       |     1 ||     1
 Cast: Summon Small Mamm |       |       |     1 |       |       |       ||     1
       Confusing Touch   |       |       |       |    40 |     9 |     2 ||    51
       Ensorcelled Hiber |       |       |       |     1 |     1 |    19 ||    21
       Call Canine Famil |       |       |       |     3 |     1 |       ||     4
       Slow              |       |       |       |     4 |     4 |       ||     8
       Kindle Blastspark |       |       |       |     4 |       |       ||     4
       Vampiric Draining |       |       |       |     3 |    14 |     1 ||    18
       Stone Arrow       |       |       |       |       |   100 |    80 ||   180
       Swiftness         |       |       |       |       |     3 |       ||     3
       Olgreb's Toxic Ra |       |       |       |       |    63 |    42 ||   105
       Iskenderun's Myst |       |       |       |       |     6 |     3 ||     9
       Airstrike         |       |       |       |       |       |   275 ||   275
       Iron Shot         |       |       |       |       |       |     3 ||     3
       Ignite Poison     |       |       |       |       |       |     1 ||     1
Invok: Curse Item        |       |       |       |     4 |     4 |     2 ||    10
       Shatter the Chain |       |       |       |       |       |     1 ||     1
Evoke: Wand              |       |     3 |    17 |    31 |    34 |     4 ||    89
       Lightning rod     |       |       |       |     7 |    15 |     7 ||    29
       Phial of floods   |       |       |       |       |     1 |       ||     1
  Use: Scroll            |     2 |     7 |     7 |    10 |    10 |    10 ||    46
       Potion            |       |     2 |     3 |     5 |     6 |       ||    16
 Stab: Sleeping          |     7 |    15 |     5 |    17 |    20 |    20 ||    84
       Distracted        |     1 |       |       |     3 |     3 |       ||     7
       Held in net/web   |       |     1 |       |       |     1 |       ||     2
       Confused          |       |       |       |    36 |     8 |       ||    44
Armor: Robe              |    14 |    32 |       |       |       |       ||    46
       Leather armour    |       |       |    24 |   109 |   213 |     8 ||   354
       Troll leather arm |       |       |       |       |       |   168 ||   168
Dodge: Dodged            |    33 |   111 |    87 |   383 |   640 |   411 ||  1665
Block: Buckler           |       |       |       |    84 |   359 |   241 ||   684

Table legend: (Time is in decaauts)
 A = Elapsed time spent in this place.
 B = Non-inter-level travel time spent in this place.
 C = Inter-level travel time spent in this place.
 D = Time resting spent in this place.
 E = Time spent auto-exploring this place.
 F = Levels seen in this place.
 G = Mean time per level.
                   A        B        C        D        E       F      G
               +--------+--------+--------+--------+--------+-----+--------+
         Total |  58992 |  56612 |   2380 |  29628 |  14115 |  30 | 1966.4 |
       Dungeon |  25997 |  24985 |   1012 |  11928 |   6524 |  15 | 1733.1 |
        Temple |    423 |    414 |      9 |    378 |      0 |   1 |  423.0 |
          Lair |  14912 |  14043 |    869 |   7463 |   3493 |   5 | 2982.4 |
         Swamp |   4184 |   4007 |    177 |   2355 |    885 |   3 | 1394.7 |
     Snake Pit |  10904 |  10723 |    181 |   6767 |   2180 |   4 | 2726.0 |
  Orcish Mines |   2570 |   2439 |    131 |    736 |   1033 |   2 | 1285.0 |
               +--------+--------+--------+--------+--------+-----+--------+

Top non-repeatable levels by time:
  Lair:3: 4391 daAuts
  Lair:5: 4121 daAuts
 Snake:3: 3536 daAuts
 Snake:2: 3038 daAuts
    D:11: 2820 daAuts
     D:8: 2714 daAuts
  Lair:2: 2600 daAuts
  Lair:4: 2432 daAuts
     D:9: 2426 daAuts
 Snake:1: 2291 daAuts
    D:14: 2091 daAuts
     D:6: 2059 daAuts
 Snake:4: 2038 daAuts
 Swamp:1: 2008 daAuts
    D:10: 1991 daAuts
